 Dungeon Crawl Stone Soup version 0.29-a0-451-gfbfa42419e (console) character file.

Game seed: 4435595911226428936

635 orie the Caller (level 7, -3/28 HPs)
             Began as a Felid Wanderer on May 19, 2022.
             Was a Follower of Nemelex Xobeh.
             Slain by a kobold brigand
             ... wielding a +0 short sword
              (6 damage)
             ... on level 6 of the Dungeon.
             The game lasted 00:15:37 (9328 turns).

orie the Caller (Felid Wanderer)                    Turns: 9328, Time: 00:15:38

Health: -3/28      AC:  2    Str:  7    XL:     7   Next: 25%
Magic:  12/12      EV: 20    Int: 15    God:    Nemelex Xobeh [*.....]
Gold:   190        SH:  5    Dex: 19    Spells: 9/12 levels left
                                        Lives:  0   Deaths: 2

rFire   + . .      SeeInvis +     - Unarmed
rCold   + + .      Faith    .   (shield unavailable)
rNeg    + . .      Spirit   .   (body armour unavailable)
rPois   +          Reflect  +   (helmet unavailable)
rElec   +          Harm     .   (cloak unavailable)
rCorr   .          Rampage  .   (gloves unavailable)
Will    ++...                   (boots unavailable)
Stlth   +++.......              f - amulet "Yggut" {Reflect rC+ Dex+2 SH+5}
HPRegen 0.09/turn               o - ring of protection from fire
MPRegen 0.13/turn               e - ring of Uskoass {rElec rPois rC+ rN+ Will+}

@: studying Fighting, quick
A: very small, claws 1, fangs 3, see invisible, speed 1, shaggy fur 2, stealthy
paws, no weapons or thrown items, no armour, multi-lived
a: Renounce Religion, Draw Escape, Draw Destruction, Draw Summoning


You were on level 6 of the Dungeon.
You worshipped Nemelex Xobeh.
Nemelex Xobeh was aware of your devotion.
You visited 2 branches of the dungeon, and saw 7 of its levels.

You collected 416 gold pieces.
You spent 226 gold pieces at shops.

Inventory:

Jewellery
 e - the ring of Uskoass (right paw) {rElec rPois rC+ rN+ Will+}
   (You acquired it on level 4 of the Dungeon)

   [ring of poison resistance]

   rC:        It protects you from cold.
   rElec:     It insulates you from electricity.
   rPois:     It protects you from poison.
   rN:        It protects you from negative energy.
   Will:      It increases your willpower.
 f - the amulet "Yggut" (around neck) {Reflect rC+ Dex+2 SH+5}
   (You acquired it on level 5 of the Dungeon)

   [amulet of reflection]

   It reflects blocked missile attacks.
   Dex:       It affects your dexterity (+2).
   rC:        It protects you from cold.
   SH:        It affects your SH (+5).
 n - an amulet of guardian spirit
 o - a ring of protection from fire (left paw)
Wands
 m - a wand of flame (13)
Scrolls
 a - 3 scrolls of teleportation
 h - 2 scrolls of immolation
 i - 2 scrolls of fog {unknown}
Potions
 b - 2 potions of berserk rage
 c - 4 potions of heal wounds
 d - a potion of degeneration {unknown}
 g - 4 potions of lignification
 j - a potion of magic
 k - a potion of brilliance
 l - a potion of might
 p - a potion of cancellation
 t - a potion of haste
 v - 2 potions of curing
 w - 2 potions of mutation {unknown}
 x - 2 potions of flight {unknown}


   Skills:
 - Level 1.0 Fighting
 - Level 5.3 Dodging
 - Level 5.3 Stealth
 - Level 4.0 Unarmed Combat
 - Level 3.0 Spellcasting
 + Level 7.1 Summonings
 + Level 5.3 Invocations
 - Level 1.1 Evocations


You had 9 spell levels left.
You knew the following spells:

 Your Spells              Type           Power      Damage    Failure   Level
a - Call Canine Familiar  Summ           23%        N/A       3%          3

Your spell library contained the following spells:

 Spells                   Type           Power      Damage    Failure   Level
 Summon Guardian Golem    Hex/Summ       12%        N/A       14%         3
 Apportation              Tloc           4%         N/A       21%         1
 Leda's Liquefaction      Hex/Erth       1%         N/A       89%         4
 Alistair's Intoxication  Tmut/Pois      1%         N/A       99%         5
 Orb of Destruction       Conj           1%         9d5       100%        7
 Spellforged Servitor     Conj/Summ      6%         N/A       100%        7
 Portal Projectile        Hex/Tloc       Unusable   N/A       N/A         3

Dungeon Overview and Level Annotations

Branches:
Dungeon (6/15)             Temple (1/1) D:4

Altars:
Ashenzari
Cheibriados
Dithmenos
Elyvilon
Fedhas
Gozag
Hepliaklqana
Kikubaaqudgha
Makhleb
Nemelex Xobeh
Qazlal
Ru
Sif Muna
Trog
Uskayaw
Vehumet
Wu Jian
Xom
Yredelemnul
Zin
The Shining One

Shops:
D:4 *   D:6 !

Annotations:
D:3 exclusion: door
D:5 2 transporters, Foxy's ghost, amateur PaBe


Innate Abilities, Weirdness & Mutations

You have sharp claws.
You have razor-sharp teeth.
You have supernaturally acute eyesight. (SInv)
You cover ground quickly. (Speed+)
You are covered in thick fur. (AC +2)
Your paws help you pounce on unaware monsters.
You are incapable of wielding weapons or throwing items.
You cannot wear armour.
You gain extra lives every three experience levels.


Message History

You scratch the kobold brigand.
The kobold brigand is heavily wounded.
You block the kobold's attack. The kobold completely misses you.
The kobold brigand misses you.
You claw the kobold brigand!
The kobold brigand is severely wounded.
The kobold hits you with a +0 short sword of venom.
The kobold brigand hits you with a +0 short sword.
You are too injured to fight recklessly!
You are too injured to fight recklessly!
You are too injured to fight recklessly!
You are too injured to fight recklessly!
You are too injured to fight recklessly!
You are too injured to fight recklessly!
You are too injured to fight recklessly!
You are too injured to fight recklessly!
You are too injured to fight recklessly!
You are too injured to fight recklessly!
You are too injured to fight recklessly!
You are too injured to fight recklessly!
You are too injured to fight recklessly!
You are too injured to fight recklessly!
You are too injured to fight recklessly!
You are too injured to fight recklessly!
You are too injured to fight recklessly!
You are too injured to fight recklessly!
You miss the kobold. Your bite misses the kobold.
You block the kobold's attack. The kobold hits you with a +0 club.
* * * LOW HITPOINT WARNING * * *
The kobold hits you with a +0 dagger.
* * * LOW HITPOINT WARNING * * *
The kobold closely misses you. The kobold brigand closely misses you.
A hound comes into view.
You miss the kobold. The kobold completely misses you.
The kobold closely misses you. You block the kobold's attack.
The kobold hits you with a +0 dagger.
* * * LOW HITPOINT WARNING * * *
The kobold brigand hits you with a +0 short sword.
You die...
Your body disappears without a glow.

.#.........# #.# #
....#.........# #.# #
#... #.........# #.###
#....#.........# #....
.....#.........## #####
................#
.....#.####.....########
....[.KKK##.............
#...K@.........#######
....:..#K##......# #
#.#!#..#.##......# #
#.#..#.##......# #
.#..#.##......# #
.#.#.##......#######
....).#..............
###.#####.......####.
### ####.#......##.###
#)


You could see a kobold brigand and 4 kobolds.

Vanquished Creatures
  Menkaure (D:6)
  2 ogres
  5 centaurs
  A gnoll sergeant (D:5)
  A howler monkey (D:6)
  A hound (D:4)
  A jelly (D:6)
  3 orc wizards
  4 gnolls
  6 adders
  A shadow imp (D:6)
  An ufetubus (D:5)
  3 worms
  A dart slug (D:5)
  15 orcs
  7 endoplasms
  4 giant cockroaches
  4 goblins
  7 hobgoblins
  4 jackals (D:1)
  12 kobolds
  2 quokkas
  4 ball pythons
  7 bats
  4 frilled lizards
  6 rats
107 creatures vanquished.

Vanquished Creatures (collateral kills)
  Sigmund (D:5)
  A centaur (D:5)
  An ogre (D:6)
  An orc wizard (D:6)
  An adder (D:6)
  An orc (D:6)
6 creatures vanquished.

Grand Total: 113 creatures vanquished

Notes
Turn   | Place    | Note
-------+----------+-------------------------------------------
     0 | D:1      | orie the Felid Wanderer began the quest for the Orb.
     0 | D:1      | orie set off with the following items: a scroll of
                  | teleportation, a potion of berserk rage
     0 | D:1      | Reached XP level 1. HP: 7/7 MP: 2/2
   536 | D:1      | Reached XP level 2. HP: 11/11 MP: 3/3
  1538 | D:2      | Reached XP level 3. HP: 11/14 MP: 4/4
  2267 | D:2      | Reached XP level 4. HP: 18/18 MP: 4/6
  2271 | D:2      | Learned a level 3 spell: Call Canine Familiar
  2701 | D:3      | Noticed an ogre
  2782 | D:3      | Reached skill level 1 in Spellcasting
  2889 | D:3      | Reached skill level 1 in Fighting
  2988 | D:3      | Found a faded altar of an unknown god.
  3152 | D:3      | Reached skill level 1 in Summonings
  3474 | D:4      | Noticed an ogre
  3495 | D:4      | Found Gama Poe's General Store.
  3501 | D:4      | Bought a wand of paralysis (4) for 72 gold pieces
  3501 | D:4      | Bought a potion of heal wounds for 60 gold pieces
  3501 | D:4      | Bought a scroll of identify for 24 gold pieces
  3531 | D:4      | Killed an ogre
  3532 | D:4      | Reached skill level 2 in Summonings
  3532 | D:4      | Reached XP level 5. HP: 22/22 MP: 6/8
  4178 | D:4      | Found a staircase to the Ecumenical Temple.
  4334 | Temple   | Entered the Ecumenical Temple
  4693 | Temple   | Became a worshipper of Nemelex Xobeh the Trickster
  4751 | D:5      | Entered Level 5 of the Dungeon
  4968 | D:5      | Noticed a centaur
  5087 | D:4      | Identified a scroll of acquirement
  5087 | D:4      | Acquired the ring of Uskoass {rElec rPois rC+ rN+ Will+}
  6116 | D:5      | Noticed an ogre
  6121 | D:5      | Killed an ogre
  6122 | D:5      | Reached skill level 3 in Summonings
  6122 | D:5      | Reached skill level 1 in Invocations
  6122 | D:5      | Gained mutation: You are covered in thick fur. (AC +2)
                  | [Felid growth]
  6122 | D:5      | Reached XP level 6. HP: 25/25 MP: 10/10
  6164 | D:5      | Acquired the amulet "Yggut" {Reflect rC+ Dex+2 SH+5}
  6198 | D:5      | Noticed Sigmund
  6237 | D:4      | Reached skill level 4 in Summonings
  7243 | D:5      | Reached XP level 7. HP: 21/28 MP: 7/11
  7305 | D:5      | Reached skill level 5 in Summonings
  7508 | D:5      | Found a transporter.
  7525 | D:5      | Found a transporter.
  7528 | D:5      | Noticed Foxy's ghost (amateur PaBe)
  7990 | D:5      | Killed Sigmund
  7991 | D:5      | Reached skill level 6 in Summonings
  8269 | D:6      | Found Quapul's Distillery.
  8285 | D:6      | Bought a potion of lignification for 30 gold pieces
  8285 | D:6      | Bought a potion of might for 40 gold pieces
  8314 | D:6      | Reached * piety under Nemelex Xobeh
  8398 | D:6      | Reached XP level 8. HP: 32/32 MP: 4/12
  8831 | D:6      | Slain by an orc priest
  8832 | D:6      | Reached XP level 7. HP: -2/28 MP: 12/12
  8832 | D:6      | Received a gift from Nemelex Xobeh
  8846 | D:6      | Killed from afar by an orc priest
  8847 | D:6      | Reached XP level 6. HP: -6/25 MP: 9/11
  8847 | D:6      | Noticed Menkaure
  8860 | D:6      | Killed Menkaure
  9121 | D:6      | Reached skill level 5 in Invocations
  9121 | D:6      | Reached XP level 7. HP: 28/28 MP: 12/12
  9130 | D:6      | Reached skill level 7 in Summonings
  9328 | D:6      | Slain by a kobold brigand

Illustrated notes

Levels and vault maps discovered:
D:1:      matt_arrival_refuge, layout_loops_cross, chequers_avenue,
          minmay_domino_4
D:2:      layout_basic
D:3:      layout_basic, nicolae_ecumenical_lake_church,
          hangedman_feature_mirror, minmay_ogre_servants
D:4:      layout_loops_ring, minmay_temple_entry_enclosed_plants, serial_shops,
          kennysheep_little_box
D:5:      layout_basic, serial_glass, glass_columns_b, glass_columns_b,
          gammafunk_ghost_mausoleum, nicolae_elevator_lobby_asterisk,
          uniq_sigmund
D:6:      layout_basic, serial_shops,
          nicolae_shop_temple_entry_statues_fountains, minmay_manual_mares,
          uniq_grinder, uniq_menkaure
Temple:   mainiacjoe_temple_circle_huts

Skill      XL: |  1  2  3  4  5  6  7 |
---------------+----------------------+-----
Unarmed Combat | 2 3 4 |  4.0
Spellcasting   | 1 2 3 |  3.0
Fighting       | 1 |  1.0
Summonings     | 2 3 4 7 |  7.1
Invocations    | 1 5 4 |  5.3
Dodging        | |  5.3
Stealth        | |  5.3
Evocations     | |  1.1

Action                   |  1- 3 |  4- 6 |  7- 9 || total
-------------------------+-------+-------+-------++-------
Melee: Unarmed           |    98 |   182 |    96 ||   376
       Bite              |     8 |    25 |    12 ||    45
       Punch             |       |     2 |     3 ||     5
 Cast: Call Canine Famil |       |     5 |    11 ||    16
Evoke: Wand              |       |     4 |       ||     4
  Use: Scroll            |       |    17 |     1 ||    18
       Potion            |       |     1 |     1 ||     2
 Stab: Sleeping          |    15 |    13 |     1 ||    29
       Distracted        |     1 |     1 |       ||     2
       Paralysed         |       |     2 |       ||     2
Armor: Skin              |     4 |    13 |     8 ||    25
Dodge: Dodged            |    53 |   134 |    83 ||   270
Block: Other             |       |    13 |    26 ||    39
       Reflection        |       |       |     3 ||     3

Table legend: (Time is in decaauts)
 A = Elapsed time spent in this place.
 B = Non-inter-level travel time spent in this place.
 C = Inter-level travel time spent in this place.
 D = Time resting spent in this place.
 E = Time spent auto-exploring this place.
 F = Levels seen in this place.
 G = Mean time per level.
                   A        B        C        D        E       F      G
               +--------+--------+--------+--------+--------+-----+--------+
         Total |   8388 |   7961 |    427 |   4075 |   2622 |   7 | 1198.3 |
       Dungeon |   8090 |   7697 |    393 |   4075 |   2375 |   6 | 1348.3 |
        Temple |    298 |    265 |     33 |      0 |    247 |   1 |  298.0 |
               +--------+--------+--------+--------+--------+-----+--------+

Top non-repeatable levels by time:
     D:4: 2204 daAuts
     D:5: 1672 daAuts
     D:1: 1199 daAuts
     D:2: 1012 daAuts
     D:6: 1004 daAuts
     D:3: 997 daAuts
  Temple: 298 daAuts
